 Dungeon Crawl Stone Soup version 0.20-a0-454-g2b43fbb (webtiles) character file.

21 M4edhros the Grave Robber (level 2, 0/17 HPs)
             Began as an Octopode Necromancer on Jan 9, 2017.
             Slain by a giant cockroach (1 damage)
             ... on level 4 of the Dungeon.
             The game lasted 00:01:40 (325 turns).

M4edhros the Grave Robber (Octopode Necromancer)     Turns: 325, Time: 00:01:41

Health: 0/17       AC:  1    Str:  7    XL:     2   Next: 83%
Magic:  1/5        EV: 13    Int: 17    God:
Gold:   23         SH:  0    Dex: 12    Spells: 3/5 levels left

rFire  . . .     SeeInvis .       - Unarmed
rCold  . . .     Gourm    .     (no shield)
rNeg   . . .     Faith    .     (helmet restricted)
rPois  .         Spirit   .     (no amulet)
rElec  .         Reflect  .     (no ring)
rCorr  .         Harm     .     (no ring)
MR     .....                    (no ring)
Stlth  +++.......               (no ring)
                                (no ring)
                                (no ring)
                                (no ring)
                                (no ring)

@: very slightly contaminated, hasted, very quick
A: almost no armour, stealthy swim, amphibious, 8 rings, constrict 8, camouflage
1, gelatinous body 1
a: no special abilities


You were on level 4 of the Dungeon.
You were not hungry.

You visited 1 branch of the dungeon, and saw 4 of its levels.

You collected 23 gold pieces.

Inventory:

Scrolls
 d - a scroll of identify {unknown}
Potions
 c - a potion of haste
Books
 a - a book of Necromancy

   Spells                             Type                      Level
   a - Pain                           Necromancy                   1
   b - Animate Skeleton               Necromancy                   1
   c - Vampiric Draining              Necromancy                   3
   d - Regeneration                   Charms/Necromancy            3
   e - Animate Dead                   Necromancy                   4
   f - Control Undead                 Necromancy                   4
Comestibles
 b - a bread ration


   Skills:
 - Level 2.0 Dodging
 - Level 2.6 Stealth
 + Level 2.3 Unarmed Combat
 - Level 2.0 Spellcasting
 - Level 4.0 Necromancy


You had 3 spell levels left.
You knew the following spells:

 Your Spells              Type           Power        Failure   Level  Hunger
a - Pain                  Necr           ###.         3%          1    #......
b - Animate Skeleton      Necr           N/A          3%          1    #......


Dungeon Overview and Level Annotations

Branches:
Dungeon (4/15)
 Temple: D:4-7

Altars:


Innate Abilities, Weirdness & Mutations

You cannot wear most types of armour.
You are very stealthy in the water. (Stealth+)
You are amphibious.
You can wear up to eight rings at the same time.
You can use your tentacles to constrict eight enemies at once.
Your skin changes colour to match your surroundings (Stealth+).
Your rubbery body absorbs attacks. (AC +1, EV +1)


Message History

Casting: Pain
Confirm with . or Enter, or press ? or * to list all spells.
Aiming: Pain
Press: ? - help, Shift-Dir - straight line, f - giant cockroach
Aim: a giant cockroach (clinging, chance to defeat MR: 85%)
You miscast Pain.
You feel very uncomfortable.
Casting: Pain
Confirm with . or Enter, or press ? or * to list all spells.
Aiming: Pain
Press: ? - help, Shift-Dir - straight line, f/p - giant cockroach
Aim: a giant cockroach (chance to defeat MR: 85%)
The giant cockroach writhes in agony!
Casting: Pain
Confirm with . or Enter, or press ? or * to list all spells.
Aiming: Pain
Press: ? - help, Shift-Dir - straight line, f/p - giant cockroach
Aim: a giant cockroach (severely wounded, chance to defeat MR: 85%)
The giant cockroach barely resists.
You feel yourself speed up. The giant cockroach bites you.
You die...

###########
#.s.......#
#@##...##.###
#.##...(.....
#.##...##.##
#.###.###.#
#.###.###.#
#..?......#
###.......#
#.#.###<#
#.#.# #.#


You could see a giant cockroach.

Vanquished Creatures
  An adder (D:3)
  An ooze (D:2)
  2 goblins
  2 hobgoblins
  A frilled lizard (D:2)
  A rat (D:2)
8 creatures vanquished.

Notes
Turn   | Place    | Note
-------+----------+-------------------------------------------
     0 | D:1      | M4edhros the Octopode Necromancer began the quest for the Orb.
     0 | D:1      | Reached XP level 1. HP: 11/11 MP: 3/3
    91 | D:2      | Reached skill level 1 in Unarmed Combat
   162 | D:2      | Reached XP level 2. HP: 7/17 MP: 0/5
   179 | D:2      | Learned a level 1 spell: Animate Skeleton
   312 | D:4      | Noticed a scorpion
   313 | D:4      | Noticed a howler monkey
   325 | D:4      | Slain by a giant cockroach

Vault maps used:
D:1:      dpeg_arrival_arbitrary_c
D:2:      wad_pebble_path, grunt_dithmenos_smoke_and_mirrors, first_bread
D:3:      kennysheep_cross_room, uniq_sigmund
D:4:      zin_scriptorium, minmay_misc_feat_iff,
          minmay_guarded_unrand_vampires_tooth, uniq_blork_the_orc

Skill      XL: |  1  2 |
---------------+-------+-----
Unarmed Combat | 1 2 |  2.3
Dodging        | |  2.0
Stealth        | |  2.6
Spellcasting   | |  2.0
Necromancy     | |  4.0

Action                   || total
-------------------------++-------
Melee: Unarmed           ||    11
       Constrict         ||     2
       Tentacles         ||     2
 Cast: Pain              ||    11
  Use: Potion            ||     2
 Stab: Sleeping          ||     3
Armor: Skin              ||     1
Dodge: Dodged            ||     6
